 Dungeon Crawl Stone Soup version 0.17-a0-1533-g2f57bce (webtiles) character file.

2165 Jb9000 the Shield-Bearer (level 9, -1/59 HPs)
             Began as a Gargoyle Fighter on July 16, 2015.
             Was a Believer of Ashenzari.
             Slain by an unseen horror (7 damage)
             ... on level 6 of the Dungeon.
             The game lasted 00:47:42 (9083 turns).

Jb9000 the Shield-Bearer (Gargoyle Fighter)         Turns: 9083, Time: 00:47:42

Health: -1/59      AC: 18    Str: 19 (20) XL:     9   Next: 32%
Magic:  12/12      EV: 15    Int: 10      God:    Ashenzari [**....]
Gold:   290        SH: 12    Dex: 19      Spells: 1 memorised, 8 levels left

rFire  + + .     SeeInvis .     k - +4 spear (curse)
rCold  x . .     Clarity  +     P - +4 leather armour of Experimentation {+Inv rF+ rN+ Dex+3} (curse)
rNeg   + + .     SustAt   .     c - +1 shield (curse)
rPois  ∞         Gourm    .     (helmet restricted)
rElec  +         Spirit   .     (no cloak)
rCorr  .         Warding  .     (no gloves)
rMut   .         Stasis   .     (no boots)
MR     .....                    q - amulet of clarity (curse)
Stlth  ++++......               m - +5 ring of protection (curse)
                                g - ring of fire (curse)

@: agile, very slightly contaminated, invisible (expiring), not resistant to
hostile enchantments, stealthy
A: beak, negative energy resistance 1, robust 1, electricity resistance,
unbreathing, petrification resistance, no device heal 1, rot immunity, AC +5
a: Scrying, Renounce Religion


You were on level 6 of the Dungeon.
You worshipped Ashenzari.
Ashenzari was pleased with you.
You were not hungry.

You visited 1 branch of the dungeon, and saw 8 of its levels.

You collected 290 gold pieces.

Inventory:

Hand weapons
 a - a +0 flail
 h - a cursed -2 shortbow
 k - a cursed +4 spear (weapon)
 z - a +0 blowgun
Missiles
 r - 2 javelins (quivered)
 u - 158 arrows
 w - 23 poisoned arrows
 A - 37 poisoned needles
 H - 2 tomahawks
 I - 10 silver bolts
Armour
 c - a cursed +1 shield (worn)
 L - a cursed +0 helmet
 P - the cursed +4 leather armour of Experimentation (worn) {+Inv rF+ rN+ Dex+3}
   (You found it on level 5 of the Dungeon)

   It affects your dexterity (+3).
   It protects you from fire.
   It protects you from negative energy.
   It lets you turn invisible.
   It has a curse placed upon it.
Magical staves
 x - an uncursed staff of conjuration
Jewellery
 g - a cursed ring of fire (left hand)
 m - a cursed +5 ring of protection (right hand)
 q - a cursed amulet of clarity (around neck)
 s - an uncursed amulet of resist corrosion
Magical devices
 D - a wand of digging (12)
 F - a wand of fireball (5)
 G - a wand of polymorph (18)
 J - a wand of polymorph (10)
 N - a wand of flame (18)
 O - a wand of paralysis (9)
 Q - a wand of random effects (40)
 R - a wand of slowing (14)
Scrolls
 y - a scroll of remove curse
Potions
 d - a potion of might
 f - a potion of mutation
 n - 3 potions of haste
 o - a potion of flight
 p - a potion of brilliance
Books
 l - a book of Power

   Spells                             Type                      Level
   a - Fulminant Prism                Conjuration/Hexes            4
   b - Iskenderun's Mystic Blast      Conjuration                  4
   c - Venom Bolt                     Conjuration/Poison           5
   d - Bolt of Magma                  Conjuration/Fire/Earth       5
   e - Iron Shot                      Conjuration/Earth            6
   f - Orb of Destruction             Conjuration                  7
   g - Spellforged Servitor           Conjuration/Summoning        7
Comestibles
 e - 6 bread rations
 j - a royal jelly
 v - 3 meat rations
 K - 3 fruits


   Skills:
 + Level 5.1 Fighting
 - Level 2.4 Maces & Flails
 + Level 3.4 Polearms
 + Level 3.8 Throwing
 + Level 5.4 Armour
 + Level 1.2 Dodging
 * Level 6.2 Stealth
 * Level 6.8 Shields
 + Level 2.1 Spellcasting
 + Level 0.0 Conjurations
 + Level 0.0 Hexes
 + Level 2.7 Evocations


You had 8 spell levels left.
You knew the following spells:

 Your Spells              Type           Power        Failure   Level  Hunger
a - Fulminant Prism       Conj/Hex       #.........   100%        4    #####..


Dungeon Overview and Level Annotations

Branches:
Dungeon (8/15)             Temple (0/1) D:7
   Lair: D:8-11

Altars:
Ashenzari
Fedhas
Makhleb
Okawaru
Ru


Innate Abilities, Weirdness & Mutations

You are resistant to torment.
Your stone body is resilient (AC +5).
You are immune to poison.
You resist negative energy.
You are resistant to electric shocks.
You can survive without breathing.
You are immune to petrification.
You are immune to rotting.
You have a beak for a mouth.
You are robust (+10% HP).
Potions and wands are less effective at restoring your health.


Message History

* * * LOW HITPOINT WARNING * * *
Drink which item? (? for menu, Esc to quit)
It was a potion of agility.
You feel agile all of a sudden. Something hits you.
* * * LOW HITPOINT WARNING * * *
Something hits you but does no damage.
You climb downwards.
Something hits you but does no damage.
There is a stone staircase leading up here.
There is a strange disturbance nearby!
You flicker for a moment.
Something hits you but does no damage. You block its attack.
Something hits you but does no damage.
You see here a +0 mace.
Something hits you but does no damage. x2
You see here a +0 club.
Something hits you but does no damage. Something hits you!
You die...

####.###.......#.#...
#<..># ###._.###.....
#.######..(....###...
#....#.#...#...#.#...
####.#.#(..#...#.....
#...'#######+.####
##.............###
#..)).............
##@{#.<.......#...#
#<.###.......##....
#..# ##.....####.##
#### ####### ###


There were no monsters in sight!

Vanquished Creatures
  Menkaure (D:5)
  A hippogriff (D:6)
  A water moccasin (D:6)
  4 ogres
  An ice beast (D:6)
  An orc warrior (D:6)
  A phantom (D:6)
  2 centaurs
  A big kobold (D:6)
  4 giant frogs
  A scorpion (D:6)
  3 crimson imps
  2 hounds
  A jelly (D:6)
  A centaur skeleton (D:6)
  2 iguanas
  6 orc wizards
  A worker ant (D:6)
  9 adders
  An ooze (D:4)
  An adder skeleton (D:4)
  An adder zombie (D:6)
  6 giant geckos
  18 orcs
  17 bats
  2 bat skeletons
  6 giant cockroaches
  13 goblins
  8 hobgoblins
  16 jackals
  3 quokkas
  A ball python (D:3)
  9 giant newts
  14 kobolds
  A quokka zombie (D:6)
  11 rats
171 creatures vanquished.

Notes
Turn   | Place    | Note
--------------------------------------------------------------
     0 | D:1      | Jb9000 the Gargoyle Fighter began the quest for the Orb.
     0 | D:1      | Reached XP level 1. HP: 14/14 MP: 1/1
   275 | D:1      | Reached XP level 2. HP: 13/19 MP: 2/2
   471 | D:1      | Reached skill level 1 in Stealth
   733 | D:1      | Reached XP level 3. HP: 23/23 MP: 3/3
   788 | D:1      | Reached skill level 4 in Shields
   902 | D:1      | Found a shattered altar of Ashenzari.
  1056 | D:1      | Became a worshipper of Ashenzari the Shackled
  1610 | D:2      | Reached XP level 4. HP: 28/28 MP: 4/4
  2036 | D:3      | Reached XP level 5. HP: 31/33 MP: 4/6
  2372 | D:3      | Noticed a giant frog
  2378 | D:3      | Killed a giant frog
  2378 | D:3      | Reached skill level 1 in Throwing
  2378 | D:3      | Reached skill level 1 in Spellcasting
  2431 | D:3      | Found a burning altar of Makhleb.
  3076 | D:4      | Noticed an ogre
  3101 | D:4      | Killed an ogre
  3101 | D:4      | Reached XP level 6. HP: 38/38 MP: 7/7
  3639 | D:5      | Entered Level 5 of the Dungeon
  3841 | D:5      | Noticed Menkaure
  3843 | D:5      | Killed Menkaure
  3843 | D:5      | Reached skill level 1 in Polearms
  3843 | D:5      | Reached skill level 5 in Shields
  3843 | D:5      | Reached XP level 7. HP: 33/43 MP: 7/9
  4101 | D:5      | HP: 2/43 [something (2)]
  5461 | D:6      | Reached skill level 1 in Evocations
  5738 | D:6      | Found a sacrificial altar of Ru.
  5808 | D:6      | Reached XP level 8. HP: 22/48 MP: 10/10
  6246 | D:6      | Noticed a hippogriff
  6264 | D:6      | Killed a hippogriff
  6393 | D:6      | Reached skill level 6 in Shields
  6500 | D:6      | Reached skill level 5 in Stealth
  6546 | D:6      | Reached skill level 5 in Armour
  6966 | D:6      | Reached skill level 1 in Dodging
  7228 | D:6      | Reached XP level 9. HP: 44/53 MP: 12/12
  7365 | D:7      | Reached skill level 5 in Fighting
  7498 | D:7      | Found a blossoming altar of Fedhas.
  7619 | D:7      | Found an iron altar of Okawaru.
  8019 | D:7      | Acquired Ashenzari's first power
  8041 | D:7      | Found a staircase to the Ecumenical Temple.
  8788 | D:5      | Got the uncursed leather armour of Experimentation {+Inv rF+ rN+ Dex+3}
  8800 | D:5      | Identified the +4 leather armour of Experimentation {+Inv rF+ rN+ Dex+3} (You found it on level 5 of the Dungeon)
  8930 | D:5      | Learned a level 4 spell: Fulminant Prism
  9072 | D:5      | Gained mutation: You are robust (+10% HP). [potion of mutation]
  9072 | D:5      | Gained mutation: Potions and wands are less effective at restoring your health. [potion of mutation]
  9072 | D:5      | Gained mutation: You have a beak for a mouth. [potion of mutation]
  9083 | D:6      | Slain by an unseen horror

Vault maps used:
D:1:      minmay_arrival_cross, nicolae_ashenzari_panopticon
D:2:      minmay_misc_feat_ornament, minmay_misc_feat_pillars
D:3:      bloody_makhleb, first_bread
D:5:      nicolae_underground_beach, uniq_menkaure
D:6:      nicolae_ru_great_annihilating_truth
D:7:      fedhas_altar_fruit_tree, overflow_temple_1_default,
          minmay_temple_entry_overgrown
D:8:      grunt_temple_overflow_open, hangedman_ranch

Action                   |  1- 3 |  4- 6 |  7- 9 || total
-------------------------+-------+-------+-------++-------
Melee: Flail             |   133 |   171 |       ||   304
       Spear             |       |    35 |   686 ||   721
 Fire: Blowgun           |       |    20 |       ||    20
Throw: Javelin           |       |       |     1 ||     1
Evoke: Wand              |       |     1 |     2 ||     3
  Use: Scroll            |       |     8 |    16 ||    24
       Potion            |       |     4 |     9 ||    13
 Stab: Sleeping          |       |     5 |     5 ||    10
       Paralysed         |       |       |     2 ||     2
       Distracted        |       |       |     1 ||     1
  Eat: Royal jelly       |     1 |       |       ||     1
       Chunk             |       |     8 |     4 ||    12
       Fruit             |       |       |    12 ||    12
       Bread ration      |       |       |     1 ||     1
       Beef jerky        |       |       |     1 ||     1
       Pizza             |       |       |     1 ||     1
